 Dungeon Crawl Stone Soup version 0.16.0-17-g811c1d7 (webtiles) character file.

196104 Chiseanne the Unseen (level 17, -4/92 HPs)
             Began as a Vine Stalker Monk on Mar 20, 2015.
             Was a High Priest of Trog.
             Slain by a deep troll (12 damage)
             ... led by an ironheart preserver
             ... on level 1 of the Vaults on Mar 21, 2015.
             The game lasted 03:02:21 (28342 turns).

Chiseanne the Unseen (Vine Stalker Monk)           Turns: 28342, Time: 03:02:21

Health: -4/92      AC: 29    Str: 19    XL:     17   Next: 94%
Magic:  0/27       EV: 16    Int: 12    God:    Trog [*****.]
Gold:   949        SH: 21    Dex: 28    Spells: 0 memorised, 16 levels left

rFire  + + +     SeeInvis +     a - +11 dagger "Omowuoro" {freeze, Dex+3 Stlth+}
rCold  + + .     Clarity  .     Q - +4 chain mail of Oruaddyl {rF++ rC+}
rNeg   . . .     SustAb   .     D - +5 shield of the Undertaker {rElec Str+3}
rPois  .         Gourm    .     m - +2 helmet {rC+}
rElec  +         Spirit   +     V - +2 cloak {rC+}
rCorr  .         Warding  .     v - +2 pair of gloves {Str+3}
rMut   .         Stasis   .     q - +0 pair of boots
MR     ++...                    (no amulet)
Stlth  +++++.....               F - ring of see invisible
                                S - ring of fire

@: very resistant to hostile enchantments, quite stealthy
A: fangs 3, blink 1, clever 1, regeneration 3, robust 1, magic shield, antimagic
bite, no device heal 3, rot immunity
a: Blink, Burn Spellbooks, Berserk, Trog's Hand, Brothers in Arms, Renounce
Religion
}: 2/15 runes: serpentine, barnacled


You were on level 1 of the Vaults.
You worshipped Trog.
Trog was extremely pleased with you.
You were not hungry.

You visited 6 branches of the dungeon, and saw 38 of its levels.
You also visited: Bailey, Ice Cave and Volcano.

You collected 3435 gold pieces.
You spent 2486 gold pieces at shops.

Inventory:

Hand weapons
 a - the +11 dagger "Omowuoro" (weapon) {freeze, Dex+3 Stlth+}
   (You took it off an orc on level 8 of the Dungeon)

   It has been specially enchanted to freeze those struck by it, causing extra
   injury to most foes and up to half again as much damage against particularly
   susceptible opponents.
   It can also slow down cold-blooded creatures.
   It affects your dexterity (+3).
   It makes you more stealthy.
 d - the +8 long sword "Testudineslayer" {freeze, rPois rF+ Str+4 Int-2}
   (You found it on level 8 of the Lair of Beasts)

   It has been specially enchanted to freeze those struck by it, causing extra
   injury to most foes and up to half again as much damage against particularly
   susceptible opponents.
   It can also slow down cold-blooded creatures.
   It affects your strength (+4).
   It affects your intelligence (-2).
   It protects you from fire.
   It protects you from poison.
 e - the +8 hunting sling "Eladez" {venom, MR++}
   (You found it on level 12 of the Dungeon)

   It poisons the ammo it fires.
   It affects your resistance to hostile enchantments.
 f - a +5 antimagic quick blade {god gift}
 s - the +10 dagger "Zobb" {god gift, drain, -Cast +Blink rC- Int+4 Stlth+}
   (Trog gifted it to you on level 7 of the Lair of Beasts)

   A truly terrible weapon, it drains the life of those it strikes.
   It affects your intelligence (+4).
   It makes you vulnerable to cold.
   It lets you blink.
   It prevents spellcasting.
   It makes you more stealthy.
 w - a +2 blowgun
Missiles
 t - 2 curare-tipped needles
 y - 11 sling bullets of flame
 L - 31 steel sling bullets
 U - 282 sling bullets
Armour
 m - a +2 helmet of cold resistance (worn)
 q - a +0 pair of boots (worn)
 v - a +2 pair of gloves of strength (worn)
 D - the +5 shield of the Undertaker (worn) {rElec Str+3}
   (You found it on level 8 of the Dungeon)

   It affects your strength (+3).
   It insulates you from electricity.
 Q - the +4 chain mail of Oruaddyl (worn) {rF++ rC+}
   (You found it on level 4 of the Shoals)

   It greatly protects you from fire.
   It protects you from cold.
 V - a +2 cloak of cold resistance (worn)
Jewellery
 z - an uncursed ring of invisibility
 F - a ring of see invisible (right hand)
 S - a ring of fire (left hand)
 T - an uncursed ring of flight
Magical devices
 Z - a wand of disintegration (11)
Scrolls
 h - 10 scrolls of teleportation
 i - 2 scrolls of recharging
 k - a scroll of immolation
 u - 3 scrolls of magic mapping
 B - 4 scrolls of fog
 C - 8 scrolls of remove curse
 K - 2 scrolls of identify
 Y - 3 scrolls of fear
Potions
 c - 3 potions of lignification
 g - 16 potions of curing
 l - 3 potions of cancellation
 n - 6 potions of agility
 o - 6 potions of restore abilities
 p - a potion of flight
 A - 3 potions of ambrosia
 E - 7 potions of resistance
 G - 3 potions of haste
 N - 4 potions of might
 X - 6 potions of magic
Books
 j - a Grand Grimoire {highlevel, unknown}

   This book is beyond your current level of understanding.

   Spells                             Type                      Level
   a - Aura of Abjuration             Summoning                    6
   b - Summon Greater Demon           Summoning                    7
   c - Malign Gateway                 Summoning/Translocation      7
   d - Summon Horrible Things         Summoning                    8
   Trog disapproves of the use of such an item.
 x - a book of Frost

   Spells                             Type                      Level
   a - Freeze                         Ice                          1
   b - Throw Frost                    Conjuration/Ice              2
   c - Ozocubu's Armour               Charms/Ice                   3
   d - Throw Icicle                   Conjuration/Ice              4
   e - Summon Ice Beast               Ice/Summoning                4
   f - Condensation Shield            Ice                          4
   Trog disapproves of the use of such an item.
 J - a book of the Dragon

   Spells                             Type                      Level
   a - Flight                         Charms/Air                   3
   b - Cause Fear                     Hexes                        4
   c - Bolt of Fire                   Conjuration/Fire             6
   d - Dragon Form                    Transmutation                7
   e - Dragon's Call                  Summoning                    9
   Trog disapproves of the use of such an item.
 R - Roxanne's Grimoire of Transformation
   (You took it off Roxanne on level 2 of the Shoals)

   Spells                             Type                      Level
   a - Spider Form                    Transmutation/Poison         3
   b - Irradiate                      Conjuration/Transmutation    5
   c - Blade Hands                    Transmutation                5
   d - Statue Form                    Transmutation/Earth          6
   Trog disapproves of the use of such an item.
 W - a book of Summonings

   Spells                             Type                      Level
   a - Abjuration                     Summoning                    3
   b - Recall                         Summoning/Translocation      3
   c - Shadow Creatures               Summoning                    5
   d - Summon Demon                   Summoning                    5
   e - Summon Forest                  Summoning/Translocation      5
   f - Monstrous Menagerie            Summoning                    6
   Trog disapproves of the use of such an item.
Comestibles
 b - 23 bread rations
 r - 16 meat rations


   Skills:
 - Level 7.1 Fighting
 - Level 10.2 Short Blades
 * Level 13.1 Armour
 * Level 9.3 Dodging
 - Level 17.5 Stealth
 - Level 16.0 Shields
 - Level 8.8 Unarmed Combat
 * Level 5.0 Evocations


You had 16 spell levels left.
You didn't know any spells.

Dungeon Overview and Level Annotations

Branches:
Dungeon (15/15)            Temple (0/1) D:6            Lair (8/8) D:10
 Shoals (5/5) Lair:4        Snake (5/5) Lair:4        Slime (0/6) Lair:6
    Orc (4/4) D:10            Elf (0/3) Orc:4        Vaults (1/5) D:14
 Depths (0/5) D:15

Altars:
Dithmenos
Gozag
Kikubaaqudgha
Okawaru
Trog
Beogh
Jiyva

Shops:
D:5 *(   D:11 *   Orc:3 *   Orc:4 *[**


Innate Abilities, Weirdness & Mutations

You have razor-sharp teeth.
You regenerate.
When hurt, damage is shared between your health and your magic reserves.
Your bite disrupts and absorbs the magic of your enemies.
Potions and wands cannot restore your health.
You are immune to rotting.
You can translocate small distances at will.
Your mind is acute. (Int +2)
You are robust (+10% HP).


Message History

The deep troll closely misses you. You block the deep troll's attack.
The deep troll claws you but does no damage.
The deep troll closely misses you. The deep troll completely misses you.
The deep troll claws you but does no damage.
You block the deep troll's attack.
The deep troll claws you but does no damage.
You block the deep troll's attack. The deep troll bites you!!
* * * LOW HITPOINT WARNING * * *
You block the deep troll's attack. The deep troll claws you!!
* * * LOW HITPOINT WARNING * * *
There is an open door here.
Use which ability? (? or * to list)
Your deep troll goes berserk!
You feel somewhat more hungry. You block the deep troll's attack.
The deep troll closely misses you. You block the deep troll's attack.
The deep troll bites you.
* * * LOW HITPOINT WARNING * * *
The deep troll claws you!
You die...

#........#.#.+ ...
#.....)..#...#####....
#........#......##....
#.....)..#.#†.#.##...#
#....).).#..†...##...#
#.....)).#.Tp#+###...#
#........#.#T#...#...#
#........#.TT#.#.#...#
#....[...###@#...+...#
#........##......#...#
#........##.#..#.#..(#
#........##......'...#
#........#####...#...#
#........#####...#...#
#...........##...#...#
#...........######...#####
#..........................


You could see an ironheart preserver, 3 deep trolls and a friendly deep troll
(berserk).

Vanquished Creatures
  Polyphemus (Shoals:3)
  Rupert (Lair:4)
  Frances (Snake:3)
  A greater naga (Snake:5)
  A vault warden (Vaults:1)
  Aizul (Snake:3)
  Gastronok (Lair:3)
  2 ironheart preservers (Vaults:1)
  3 merfolk javelineers (Shoals:5)
  A vault guard (Vaults:1)
  3 fire dragons
  4 merfolk impalers
  7 naga warriors
  4 centaur warriors
  An ice dragon (Orc:1)
  5 hydras
  3 merfolk aquamancers (Shoals:5)
  4 ogre magi
  5 anacondas
  2 catoblepae
  The ghost of datmedicine the Bludgeoner, an experienced OgHu of Ru (Lair:1)
  3 tengu warriors (D:15)
  A deep troll shaman (Vaults:1)
  An orc high priest (Orc:2)
  6 naga sharpshooters
  2 shock serpents
  2 deep trolls (Vaults:1)
  5 sea snakes
  3 salamander mystics (Snake:5)
  An ice statue (IceCv)
  5 unseen horrors
  A harpy (shapeshifter) (Vaults:1)
  9 hill giants
  An ironbrand convoker (Vaults:1)
  A necromancer (IceCv)
  3 wolf spider zombies
  3 naga ritualists
  5 mana vipers
  A hornet (Vaults:1)
  2 orc sorcerers
  6 statues (Volcano)
  A cyclops (shapeshifter) (Vaults:1)
  A deep elf conjurer (Vaults:1)
  5 orc knights
  15 ugly things
  8 manticores
  A faun (Shoals:3)
  6 salamanders
  2 water nymphs
  3 elephants (Lair:8)
  8 cyclopes
  A griffon (Lair:5)
  14 black mambas
  A vault sentinel (Vaults:1)
  A kobold demonologist (D:14)
  A siren (Lair:4)
  A guardian serpent (Snake:2)
  A gargoyle (D:12)
  5 naga magi
  11 spiny frogs
  Psyche (D:8)
  2 centaur skeletons
  3 fire drakes
  9 komodo dragons
  An efreet (D:13)
  6 yaktaurs
  10 freezing wraiths (IceCv)
  5 trolls
  2 giant leeches (Lair:3)
  12 merfolk
  11 blink frogs
  6 two-headed ogres
  2 polar bears (Orc:1)
  A tengu conjurer (D:15)
  13 slime creatures
  2 boulder beetles (Vaults:1)
  A wind drake (Shoals:5)
  5 ravens (D:15)
  2 basilisks
  3 snapping turtles
  A spriggan (D:7)
  3 wraiths
  A shadow (D:15)
  2 deep elf magi
  46 yaks
  A wyvern (D:14)
  12 hippogriffs
  A hungry ghost (D:7)
  4 mottled dragons
  A steam dragon (Lair:8)
  3 wargs
  2 fire bats (Volcano)
  A swamp worm (Lair:3)
  7 wolves
  6 vampire mosquitoes
  20 nagas
  18 water moccasins
  6 porcupines
  A black bear (D:10)
  An eye of draining (D:14)
  61 orc warriors
  2 necrophages
  A wasp (D:14)
  3 phantoms
  A swamp drake (Lair:8)
  4 sky beasts
  11 ice beasts
  13 crocodiles
  4 big kobolds
  21 ogres
  Blork the orc (Orc:1)
  29 centaurs
  A water moccasin zombie (D:8)
  A wyvern skeleton (D:13)
  A wyvern zombie (D:7)
  21 giant frogs
  A swamp dragon simulacrum (IceCv)
  2 scorpions (D:12)
  18 wights
  An elephant simulacrum (IceCv)
  2 water moccasin skeletons
  2 electric eels
  22 killer bees
  7 lava snakes (Volcano)
  2 goliath beetles
  9 hounds
  3 draconian simulacra (IceCv)
  3 centaur zombies
  2 quasits
  2 giant frog skeletons
  4 crimson imps
  31 orc priests
  10 iguanas
  37 orc wizards
  11 worker ants
  A polar bear simulacrum (IceCv)
  4 troll simulacra (IceCv)
  A spriggan simulacrum (IceCv)
  2 centaur simulacra (IceCv)
  11 sheep
  A wolf simulacrum (IceCv)
  Jessica (D:2)
  3 mummies
  A hound skeleton (D:7)
  A killer bee simulacrum (D:8)
  19 gnolls
  5 ogre simulacra (IceCv)
  17 river rats
  A hound simulacrum (D:8)
  2 naga simulacra (IceCv)
  28 adders
  A giant mite (D:2)
  2 shadow imps
  15 white imps
  4 worms
  2 adder zombies
  11 giant geckos
  An ooze (D:1)
  204 orcs
  A bat skeleton (D:4)
  21 goblins
  27 hobgoblins
  18 quokkas
  A ball python (D:3)
  17 bats
  7 giant cockroaches
  6 giant newts
  4 giant spores
  5 jackals
  30 kobolds
  An orc zombie (Orc:3)
  2 quokka skeletons (D:9)
  5 rats
  9 ballistomycetes
  2 fungi (Lair:8)
  4 plants (Lair:8)
1275 creatures vanquished.

Vanquished Creatures (collateral kills)
  Agnes (Snake:5)
  Kirke (Snake:5)
  Roxanne (Shoals:2)
  3 greater nagas (Snake:5)
  A merfolk impaler (Shoals:5)
  3 naga warriors (Snake:5)
  4 naga sharpshooters (Snake:5)
  A shock serpent (Snake:5)
  2 naga ritualists (Snake:5)
  2 salamanders (Snake:5)
  2 black mambas (Snake:5)
  4 naga magi (Snake:5)
  2 merfolk (Shoals:5)
  3 hogs (Snake:5)
  25 nagas (Snake:5)
  A water moccasin (Snake:5)
  2 vampire bats (Lair:8)
  5 bats (Lair:8)
63 creatures vanquished.

Vanquished Creatures (others)
  A vault warden (Vaults:1)
  A hill giant (Snake:5)
  A troll (Snake:5)
  A polar bear (Shoals:5)
  3 two-headed ogres (Snake:5)
  2 humans (Snake:5)
  3 ogres
  A black bear (Shoals:2)
  A draconian simulacrum (IceCv)
  A centaur simulacrum (IceCv)
  A naga simulacrum (IceCv)
  2 plants
18 creatures vanquished.

Grand Total: 1356 creatures vanquished

Notes
Turn   | Place    | Note
--------------------------------------------------------------
     0 | D:1      | Chiseanne, the Vine Stalker Monk, began the quest for the Orb.
     0 | D:1      | Reached XP level 1. HP: 11/11 MP: 1/1
   157 | D:1      | Reached XP level 2. HP: 16/16 MP: 3/3
   704 | D:1      | Reached XP level 3. HP: 19/19 MP: 4/4
  1376 | D:2      | Noticed Jessica
  1390 | D:2      | Killed Jessica
  1390 | D:2      | Reached XP level 4. HP: 9/24 MP: 5/5
  1555 | D:2      | Found an ancient bone altar of Kikubaaqudgha.
  1933 | D:2      | Reached skill level 5 in Unarmed Combat
  1940 | D:2      | Reached skill level 1 in Armour
  2252 | D:3      | Reached XP level 5. HP: 28/28 MP: 7/7
  2552 | D:3      | Gained mutation: You heal very quickly. [vine stalker growth]
  2552 | D:3      | Reached XP level 6. HP: 30/32 MP: 8/8
  3077 | D:4      | Found a shadowy altar of Dithmenos.
  3170 | D:4      | Reached XP level 7. HP: 35/37 MP: 9/9
  3186 | D:4      | Reached skill level 6 in Unarmed Combat
  3345 | D:4      | Found a bloodstained altar of Trog.
  3364 | D:4      | Became a worshipper of Trog the Wrathful
  3364 | D:4      | Acquired Trog's first power
  3364 | D:4      | Acquired Trog's second power
  3540 | D:5      | Entered Level 5 of the Dungeon
  3880 | D:5      | Found Giarun's Antique Weapon Shop.
  3956 | D:5      | Found Guatais' Assorted Antiques.
  3965 | D:5      | Bought a dyed leather armour for 62 gold pieces
  3965 | D:5      | Bought 2 sapphire potions for 55 gold pieces
  3965 | D:5      | Bought a lumpy sapphire potion for 27 gold pieces
  4191 | D:6      | Reached skill level 1 in Shields
  4215 | D:6      | Gained mutation: You have razor-sharp teeth. [vine stalker growth]
  4215 | D:6      | Reached XP level 8. HP: 25/42 MP: 8/11
  4411 | D:6      | Reached skill level 7 in Unarmed Combat
  4447 | D:6      | Reached skill level 5 in Fighting
  4512 | D:6      | Found a staircase to the Ecumenical Temple.
  4546 | D:6      | Found an iron altar of Okawaru.
  4743 | D:6      | Reached XP level 9. HP: 18/47 MP: 7/12
  5003 | D:7      | Reached skill level 5 in Dodging
  5003 | D:7      | Reached skill level 8 in Unarmed Combat
  5826 | D:8      | Noticed Psyche
  5832 | D:8      | Killed Psyche
  5867 | D:8      | Reached skill level 5 in Armour
  5871 | D:8      | Reached XP level 10. HP: 22/53 MP: 6/13
  5950 | D:8      | Got a twisted dagger
  5954 | D:8      | Identified the +11 dagger "Omowuoro" {freeze, Dex+3 Stlth+} (You took it off an orc on level 8 of the Dungeon)
  5971 | D:8      | Acquired Trog's third power
  5998 | D:8      | Received a gift from Trog
  6101 | D:8      | Got a bloodstained shield
  6112 | D:8      | Identified the +5 shield of the Undertaker {rElec Str+3} (You found it on level 8 of the Dungeon)
  6205 | D:8      | Reached skill level 1 in Short Blades
  6955 | D:9      | Found an opulent altar of Gozag.
  7022 | D:9      | Reached skill level 5 in Stealth
  7441 | D:10     | Entered Level 10 of the Dungeon
  7446 | D:10     | Found a staircase to the Lair.
  7450 | D:10     | Reached skill level 5 in Shields
  7566 | D:10     | Noticed a hill giant
  7574 | D:10     | Killed a hill giant
  7608 | D:10     | Reached XP level 11. HP: 56/56 MP: 15/15
  7754 | D:10     | Found a staircase to the Orcish Mines.
  8217 | D:11     | Received a gift from Trog
  8373 | D:11     | Noticed a hill giant
  8388 | D:11     | Reached skill level 9 in Stealth
  8389 | D:11     | Killed a hill giant
  8764 | D:11     | Noticed an unseen horror
  8768 | D:11     | Killed an unseen horror
  8972 | D:11     | Noticed a hill giant
  8981 | D:11     | Killed a hill giant
  9056 | D:11     | Found Useuk's General Store.
  9074 | D:11     | Bought a potion of resistance for 110 gold pieces
  9074 | D:11     | Bought a scroll of identify for 22 gold pieces
  9074 | D:11     | Bought a scroll of magic mapping for 38 gold pieces
  9074 | D:11     | Bought a scroll of remove curse for 33 gold pieces
  9147 | D:11     | Noticed an unseen horror
  9148 | D:11     | Killed an unseen horror
  9216 | D:11     | Reached skill level 10 in Stealth
  9452 | D:12     | Reached skill level 5 in Short Blades
  9526 | D:12     | Received a gift from Trog
  9526 | D:12     | Gained mutation: You regenerate. [vine stalker growth]
  9526 | D:12     | Reached XP level 12. HP: 31/61 MP: 10/16
  9995 | D:12     | Got a translucent hunting sling
  9998 | D:12     | Identified the +8 hunting sling "Eladez" {venom, MR++} (You found it on level 12 of the Dungeon)
 10803 | D:11     | Bought 20 sling bullets for 110 gold pieces
 10803 | D:11     | Bought 11 sling bullets for 60 gold pieces
 11111 | D:13     | Reached skill level 11 in Stealth
 11158 | D:13     | Got a warped falchion
 11160 | D:13     | Identified the +12 falchion "Killer Klown's Death" {antimagic, rPois rF- rC- rN++ Str+5} (You found it on level 13 of the Dungeon)
 11532 | D:13     | Reached skill level 10 in Shields
 11588 | D:13     | Reached skill level 12 in Stealth
 11590 | D:13     | Received a gift from Trog
 11714 | D:13     | Noticed a catoblepas
 11724 | D:13     | Killed a catoblepas
 12196 | D:14     | Reached XP level 13. HP: 65/65 MP: 17/17
 12262 | D:14     | Found a gate to the Vaults.
 12296 | D:14     | Noticed a centaur warrior
 12306 | D:14     | Killed a centaur warrior
 12330 | D:14     | Noticed an ogre mage
 12344 | D:14     | Reached skill level 13 in Stealth
 12349 | D:14     | Killed an ogre mage
 13239 | D:15     | Entered Level 15 of the Dungeon
 13269 | D:15     | Received a gift from Trog
 13302 | D:15     | Reached skill level 14 in Stealth
 13597 | D:15     | Reached XP level 14. HP: 56/70 MP: 18/18
 13602 | D:15     | Reached skill level 15 in Stealth
 13906 | D:15     | Found a staircase to the Depths.
 14418 | Orc:1    | Entered Level 1 of the Orcish Mines
 14635 | Orc:1    | Found a roughly hewn altar of Beogh.
 14755 | Orc:1    | Received a gift from Trog
 14793 | Orc:1    | Noticed Blork the orc
 14799 | Orc:1    | Killed Blork the orc
 14848 | Orc:1    | Found a frozen archway.
 14905 | IceCv    | Entered an ice cave
 15102 | IceCv    | Found an ancient bone altar of Kikubaaqudgha.
 15198 | IceCv    | Identified the Almanac of the Illusory Eyes
 15523 | Orc:1    | Received a gift from Trog
 16388 | Orc:2    | Received a gift from Trog
 16548 | Orc:3    | Found a bloodstained altar of Trog.
 16568 | Orc:3    | Found a flagged portal.
 16585 | Bailey   | Entered a bailey
 17129 | Orc:3    | Found Mneizit's Assorted Antiques.
 17150 | Orc:3    | Bought 2 scrolls of fear for 245 gold pieces
 17150 | Orc:3    | Bought a potion of agility for 140 gold pieces
 17150 | Orc:3    | Bought a scroll of enchant armour for 262 gold pieces
 17150 | Orc:3    | Bought a scroll of identify for 70 gold pieces
 17150 | Orc:3    | Bought a metal-bound manual for 525 gold pieces
 17150 | Orc:3    | Bought a grey potion for 31 gold pieces
 17150 | Orc:3    | Bought a scroll of remove curse for 105 gold pieces
 17463 | Orc:3    | Gained mutation: You are robust (+10% HP). [potion of beneficial mutation]
 17464 | Orc:3    | Gained mutation: Your mind is acute. (Int +2) [potion of beneficial mutation]
 17465 | Orc:3    | Gained mutation: You can translocate small distances at will. [potion of beneficial mutation]
 17484 | Orc:4    | Entered Level 4 of the Orcish Mines
 17563 | Orc:4    | Received a gift from Trog
 17986 | Orc:4    | Found Mnegus' Armour Boutique.
 17986 | Orc:4    | Found Jiklim's Assorted Antiques.
 17994 | Orc:4    | Found Qetarche's Assorted Antiques.
 17997 | Orc:4    | Found Kualuiczih's Assorted Antiques.
 18004 | Orc:4    | Bought 2 white potions for 64 gold pieces
 18004 | Orc:4    | Bought a scroll labeled GABUTHR IDGHEAN for 36 gold pieces
 18012 | Orc:4    | Bought a scroll of identify for 62 gold pieces
 18015 | Orc:4    | Bought a +0 pair of gloves for 72 gold pieces
 18034 | Orc:4    | Bought an encrusted jade ring for 120 gold pieces
 18034 | Orc:4    | Bought a bronze wand for 96 gold pieces
 18034 | Orc:4    | Bought a white potion for 21 gold pieces
 18034 | Orc:4    | Bought a scroll labeled FYXUIRR UXUA for 24 gold pieces
 18034 | Orc:4    | Bought an ivory wand for 96 gold pieces
 18088 | Orc:4    | Received a gift from Trog
 18186 | Orc:4    | Found a staircase to the Elven Halls.
 18655 | Lair:1   | Entered Level 1 of the Lair of Beasts
 18719 | Lair:1   | Noticed datmedicine's ghost (experienced OgHu)
 18739 | Lair:1   | Killed datmedicine's ghost
 18782 | Lair:1   | Found a dark tunnel.
 18791 | Volcano  | Entered a volcano
 18926 | Volcano  | Reached XP level 15. HP: 80/80 MP: 19/19
 18970 | Volcano  | Reached skill level 10 in Armour
 18991 | Volcano  | Found a glowing silver altar of Zin.
 19123 | Lair:1   | Received a gift from Trog
 19140 | Lair:1   | Got a faintly glowing glaive {god gift}
 19141 | Lair:1   | Identified the +7 glaive of the Candle {god gift, chop, Int+9} (Trog gifted it to you on level 1 of the Lair of Beasts)
 20086 | Lair:2   | Got a transparent silver amulet
 20088 | Lair:2   | Identified the amulet "Skoixuck" {Inacc rF- MR++ Str+2} (You found it on level 2 of the Lair of Beasts)
 20510 | Lair:3   | Found a staircase to the Swamp.
 20942 | Lair:3   | Received a gift from Trog
 21018 | Lair:3   | Noticed Gastronok
 21026 | Lair:3   | Killed Gastronok
 21587 | Lair:4   | Found a staircase to the Snake Pit.
 21713 | Lair:4   | Noticed Rupert
 21715 | Lair:4   | Killed Rupert
 21780 | Lair:4   | Found a staircase to the Shoals.
 22424 | Lair:6   | Found a viscous altar of Jiyva.
 22424 | Lair:6   | Found a staircase to the Slime Pits.
 22572 | Lair:7   | Received a gift from Trog
 22600 | Lair:7   | Got an iridescent dagger {god gift}
 22605 | Lair:7   | Identified the +10 dagger "Zobb" {god gift, drain, -Cast +Blink rC- Int+4 Stlth+} (Trog gifted it to you on level 7 of the Lair of Beasts)
 22661 | Lair:8   | Entered Level 8 of the Lair of Beasts
 22839 | Lair:8   | Got a shimmering long sword
 22840 | Lair:8   | Identified the +8 long sword "Testudineslayer" {freeze, rPois rF+ Str+4 Int-2} (You found it on level 8 of the Lair of Beasts)
 23090 | Lair:8   | Reached skill level 16 in Stealth
 23471 | Lair:8   | Received a gift from Trog
 23908 | Snake:1  | Entered Level 1 of the Snake Pit
 23985 | Snake:2  | Reached XP level 16. HP: 51/85 MP: 18/20
 24362 | Snake:3  | Noticed Frances
 24389 | Snake:3  | Reached skill level 17 in Stealth
 24398 | Snake:3  | Killed Frances
 24403 | Snake:3  | Received a gift from Trog
 24411 | Snake:3  | Noticed Aizul
 24427 | Snake:3  | Killed Aizul
 24788 | Snake:5  | Entered Level 5 of the Snake Pit
 24905 | Snake:5  | Reached skill level 15 in Shields
 24946 | Snake:5  | Received a gift from Trog
 25177 | Snake:5  | Reached skill level 10 in Short Blades
 25192 | Snake:5  | Noticed Kirke
 25197 | Snake:5  | Killed Kirke
 25230 | Snake:5  | Noticed Agnes
 25238 | Snake:5  | Killed Agnes
 25244 | Snake:5  | Received a gift from Trog
 25384 | Snake:5  | Got a serpentine rune of Zot
 25433 | Snake:4  | Reached XP level 17. HP: 89/89 MP: 21/21
 25629 | Shoals:1 | Entered Level 1 of the Shoals
 25689 | Shoals:1 | Got a faintly glowing ring mail
 25728 | Shoals:1 | Identified the +2 ring mail "Fresmad" {Stlth+} (You found it on level 1 of the Shoals)
 25782 | Shoals:1 | Reached skill level 1 in Evocations
 25797 | Shoals:2 | Noticed Roxanne
 25814 | Shoals:2 | Killed Roxanne
 25816 | Shoals:2 | Identified Roxanne's Grimoire of Transformation (You took it off Roxanne on level 2 of the Shoals)
 25860 | Shoals:3 | Noticed Polyphemus
 25881 | Shoals:3 | Killed Polyphemus
 26104 | Shoals:4 | Got an ichor-stained chain mail
 26105 | Shoals:4 | Identified the +4 chain mail of Oruaddyl {rF++ rC+} (You found it on level 4 of the Shoals)
 26208 | Shoals:5 | Entered Level 5 of the Shoals
 26579 | Shoals:5 | Got a barnacled rune of Zot
 27204 | Vaults:1 | Entered Level 1 of the Vaults
 27843 | Vaults:1 | Paralysed by a hornet for 4 turns
 28049 | Vaults:1 | Received a gift from Trog
 28337 | Vaults:1 | Reached skill level 5 in Evocations
 28342 | Vaults:1 | Slain by a deep troll

Action                   |  1- 3 |  4- 6 |  7- 9 | 10-12 | 13-15 | 16-18 || total
-------------------------+-------+-------+-------+-------+-------+-------++-------
Melee: Unarmed           |    66 |   171 |   260 |     3 |     1 |       ||   501
       Dagger            |       |       |       |   475 |  1240 |   578 ||  2293
       Long sword        |       |       |       |       |       |    28 ||    28
 Fire: Blowgun           |       |       |     6 |     1 |       |       ||     7
       Hunting sling     |       |       |       |    27 |   157 |     3 ||   187
Throw: Tomahawk          |       |       |     1 |     1 |       |       ||     2
       Javelin           |       |       |       |     2 |     2 |       ||     4
Invok: Trog's Hand       |       |       |     4 |     3 |    19 |     7 ||    33
       Berserk           |       |       |     2 |     3 |     9 |     2 ||    16
       Burn Spellbooks   |       |       |       |     4 |     2 |     1 ||     7
       Brothers in Arms  |       |       |       |       |       |    21 ||    21
 Abil: Evoke Flight      |       |       |       |       |       |     2 ||     2
Evoke: Wand              |       |       |       |       |     1 |     6 ||     7
  Use: Scroll            |     1 |     9 |     3 |    13 |    18 |    10 ||    54
       Potion            |       |       |       |       |     3 |     4 ||     7
 Stab: Sleeping          |     1 |     1 |     5 |    28 |   110 |    33 ||   178
       Fleeing           |       |       |       |     1 |       |       ||     1
       Distracted        |       |       |       |     2 |     7 |     3 ||    12
       Invisible         |       |       |       |       |       |    15 ||    15
  Eat: Chunk             |     1 |     6 |     7 |    16 |    31 |    10 ||    71
       Fruit             |       |       |     5 |     3 |     3 |       ||    11
       Pizza             |       |       |       |     3 |     1 |       ||     4
       Beef jerky        |       |       |       |     1 |     3 |     3 ||     7
       Royal jelly       |       |       |       |       |     2 |     1 ||     3
       Bread ration      |       |       |       |       |     2 |     1 ||     3
